WCHLSIM.com - West Coast Hockey League
html PUBLIC "-//W3C//DTD XHTML 1.0 Transitional//EN" "http://www.w3.org/TR/xhtml1/DTD/xhtml1-transitional.dtd"> WCHL - Game 824 - RENO LIONS vs REGINA FALCONS

RENO LIONS vs REGINA FALCONS

Created - 16 février 2024 at 21:05

Goals
1 2 3 T
RENO LIONS 1 2 2 5
REGINA FALCONS 0 1 0 1
Shots
1 2 3 T
RENO LIONS 16 14 18 48
REGINA FALCONS 9 10 4 23

1st period

1. RENO LIONS , Elias Pettersson 25 (Kirill Kaprizov 29, Pierre-Luc Dubois 11) at 19:04

Penalties :
Mattias Samuelsson (REN) for Holding (Minor) at 5:19, Nicholas Ritchie (REN) for Roughing (Minor) at 15:50

2nd period

2. RENO LIONS , Trent Frederic 4 (Juuso Valimaki 11, Nicholas Ritchie 5) at 11:19
3. REGINA FALCONS , Rickard Rakell 23 (Andrei Kuzmenko 27, Marco Scandella 1) at 11:49
4. RENO LIONS , Max Domi 7 (Dylan Strome 13, Nick Bjugstad 16) at 16:54

Penalties :
Alexander Edler (REG) for Roughing (Minor) at 12:20

3rd period

5. RENO LIONS , Pierre-Luc Dubois 14 (Max Domi 14) at 9:03 (PP)
6. RENO LIONS , Trent Frederic 5 (Patrick Brown 6, Nicholas Ritchie 6) at 13:22

Penalties :
John Klingberg (REG) for Hooking (Minor) at 0:17, Alexander Edler (REG) for Tripping (Minor) at 8:58

Goalie Stats

Stuart Skinner (REN), 22 saves from 23 shots - (0,957), W, 19-19-4, 60:00 minutes
Anton Khudobin (REG), 43 saves from 48 shots - (0,896), L, 1-6-1, 60:00 minutes

Players Stats for RENO LIONS

Player Name              G  A  P  +/- PIM S  H  SB GA TA FO     MP     PP MP  PK MP  
------------------------------------------------------------------------------------
Alex Steeves             0  0  0   0  0   0  0  0  0  0  1/2     0:56   0:00   0:00 
Andreas Johnsson         0  0  0   0  0   0  0  0  0  0  0/0     4:21   0:00   0:00 
Brady Skjei              0  0  0  -1  0   0  2  0  0  0  0/0    24:35   2:24   0:00 
Dante Fabbro             0  0  0   0  0   1  0  0  0  0  0/0     6:23   0:00   1:18 
Dylan Strome             0  1  1   1  0   3  0  0  0  0  3/4    18:54   1:59   0:00 
Elias Pettersson         1  0  1   0  0   8  2  2  0  0  4/4    23:44   1:59   2:13 
Ethan Bear               0  0  0   2  0   2  1  0  0  0  0/0    15:20   0:00   1:24 
Justin Schultz           0  0  0   2  0   0  0  0  0  0  0/0    18:16   2:24   0:00 
Juuso Valimaki           0  1  1   2  0   0  0  1  0  0  0/0    16:59   1:39   1:24 
Kirill Kaprizov          0  1  1   0  0   6  0  1  0  0  0/2    22:56   1:59   1:45 
Mattias Samuelsson       0  0  0   2  2   0  0  1  0  0  0/0    17:09   0:00   1:18 
Max Domi                 1  1  2   1  0   4  1  0  0  0  3/6    18:59   2:04   0:00 
Nicholas Ritchie         0  2  2   2  2   6  4  0  0  0  6/8    14:35   0:00   0:00 
Nick Bjugstad            0  1  1   1  0   3  0  0  0  0  18/23  21:12   2:04   2:13 
Patrick Brown            0  1  1   2  0   2  1  0  0  0  1/1    11:31   0:00   0:00 
Pierre-Luc Dubois        1  1  2   0  0   5  0  0  0  0  13/19  23:01   2:04   1:45 
Trent Frederic           2  0  2   2  0   7  0  0  0  0  10/16  15:52   0:00   0:00 
Trevor van Riemsdyk      0  0  0  -1  0   1  0  1  0  0  0/0    21:17   1:39   2:32 

Players Stats for REGINA FALCONS

Player Name              G  A  P  +/- PIM S  H  SB GA TA FO     MP     PP MP  PK MP  
------------------------------------------------------------------------------------
Alexander Edler          0  0  0  -1  4   0  3  3  0  0  0/0    20:30   2:10   0:52 
Alexander Kerfoot        0  0  0   0  0   2  0  0  0  0  8/25   18:45   1:48   1:28 
Andrei Kuzmenko          0  1  1   0  0   4  0  0  0  0  0/0    21:56   2:10   2:35 
Dominik Kubalik          0  0  0   0  0   4  1  0  0  0  1/3    18:45   1:48   1:28 
Egor Afanasyev           0  0  0  -3  0   0  0  0  0  0  3/9     8:00   0:00   0:00 
Filip Roos               0  0  0  -1  0   1  8  1  0  0  0/0    18:32   0:00   1:37 
Jacob Peterson           0  0  0   0  0   1  1  0  0  0  2/17   11:19   0:00   0:00 
Jeff Malott              0  0  0  -3  0   2  0  0  0  0  0/0     8:00   0:00   0:00 
John Klingberg           0  0  0  -1  2   1  1  3  0  0  0/0    20:52   2:10   1:13 
Marco Scandella          0  1  1  -1  0   1  0  2  0  0  0/0    21:23   1:48   2:01 
Max Jones                0  0  0   0  0   1  1  0  0  0  0/0    19:21   2:10   0:00 
Patric Hornqvist         0  0  0   0  0   0  4  0  0  0  0/1    17:17   1:48   0:00 
Pavol Regenda            0  0  0   0  0   0  0  0  0  0  0/1    11:19   0:00   0:00 
Pierre-Olivier Joseph    0  0  0  -1  0   0  2  1  0  0  0/0    16:55   0:00   0:00 
Rickard Rakell           1  0  1   0  0   6  0  0  0  0  12/29  21:56   2:10   2:35 
Sammy Walker             0  0  0  -3  0   0  0  0  0  0  0/0     8:00   0:00   0:00 
Simon Ryfors             0  0  0   0  0   0  0  0  0  0  0/0    11:19   0:00   0:00 
Zach Bogosian            0  0  0  -1  0   0  2  2  0  0  0/0    21:45   1:48   2:23 

3 Stars

1 - Trent Frederic (REN)
2 - Max Domi (REN)
3 - Nicholas Ritchie (REN)

Power Play

RENO LIONS - 1 on 3 Attempt(s) - 33,33%
REGINA FALCONS - 0 on 2 Attempt(s) - 0,00%

Penalty Kill

RENO LIONS - 2 on 2 Attempt(s) - 100,00% - Score 0 goal in Penalty Kill
REGINA FALCONS - 2 on 3 Attempt(s) - 66,67% - Score 0 goal in Penalty Kill

Team Stat

RENO LIONS - Hits : 11 - Faceoff Wins : 59 - Blocked Shots : 6 - Penalty Minutes : 4
REGINA FALCONS - Hits : 23 - Faceoff Wins : 26 - Blocked Shots : 12 - Penalty Minutes : 6

Official

Referees : Marc Joannette and Mike Campbell
Linesman : Libor Suchanek and Ryan Gibbons

Game Notes

Alex Steeves is injured at 14:40 of 1st period (Sprained Left Knee)

Finance

Level 1 -- Attendance: 4537 (75,62%) -- Ticket Income 1 066 195 $
Level 2 -- Attendance: 3364 (67,28%) -- Ticket Income 605 520 $
Level 3 -- Attendance: 1335 (66,75%) -- Ticket Income 186 900 $
Level 4 -- Attendance: 3121 (78,03%) -- Ticket Income 280 890 $
Luxury Box -- Attendance: 1000 (100,00%) -- Ticket Income 220 000 $
Game was played at the Larouche Arena.
Total Attendance: 13357 (74,21%)
Total Ticket Income: 2 359 505 $
Other Expense: 23 595 $
Total Income: 2 335 910 $

RENO LIONS

5 vs 5 Forward 
   Center                   Left Wing                Right Wing               Time % Phy DF OF 
 1 Pierre-Luc Dubois        Kirill Kaprizov          Elias Pettersson         36     1   2  2  
 2 Nick Bjugstad            Max Domi                 Dylan Strome             31     1   2  2  
 3 Trent Frederic           Nicholas Ritchie         Patrick Brown            23     1   2  2  
 4 Alex Steeves             Trent Frederic           Andreas Johnsson         10     1   2  2  

5 vs 5 Defense 
   Defense                  Defense                                           Time % Phy DF OF 
 1 Brady Skjei              Trevor van Riemsdyk                               36     1   2  2  
 2 Justin Schultz           Mattias Samuelsson                                31     1   2  2  
 3 Juuso Valimaki           Ethan Bear                                        23     1   2  2  
 4 Dante Fabbro             Brady Skjei                                       10     1   2  2  

PowerPlay Forward 
   Center                   Left Wing                Right Wing               Time % Phy DF OF 
 1 Dylan Strome             Kirill Kaprizov          Elias Pettersson         55     1   2  2  
 2 Max Domi                 Pierre-Luc Dubois        Nick Bjugstad            45     1   2  2  

PowerPlay Defense
   Defense                  Defense                                           Time % Phy DF OF 
 1 Justin Schultz           Brady Skjei                                       55     1   2  2  
 2 Juuso Valimaki           Trevor van Riemsdyk                               45     1   2  2  

Penalty Kill 4 Players Forward 
   Center                   Wing                     Time % Phy DF OF 
 1 Nick Bjugstad            Elias Pettersson         55     1   2  2  
 2 Pierre-Luc Dubois        Kirill Kaprizov          45     1   2  2  

Penalty Kill 4 Players Defense
   Defense                  Defense                  Time % Phy DF OF 
 1 Mattias Samuelsson       Trevor van Riemsdyk      55     1   2  2  
 2 Ethan Bear               Juuso Valimaki           45     1   2  2  

Penalty Kill - 3 Players Forward 
   Forward                                           Time % Phy DF OF 
 1 Dylan Strome                                      55     1   2  2  
 2 Max Domi                                          45     1   2  2  

Penalty Kill - 3 Players Defense
   Defense                  Defense                  Time % Phy DF OF 
 1 Dante Fabbro             Justin Schultz           55     1   2  2  
 2 Mattias Samuelsson       Trevor van Riemsdyk      45     1   2  2  

4 vs 4 Forward 
   Center                   Wing                     Time % Phy DF OF 
 1 Alex Steeves             Nicholas Ritchie         55     1   2  2  
 2 Patrick Brown            Andreas Johnsson         45     1   2  2  

4 vs 4 Defense
   Defense                  Defense                  Time % Phy DF OF 
 1 Mattias Samuelsson       Ethan Bear               55     1   2  2  
 2 Dante Fabbro             Brady Skjei              45     1   2  2  

Last Minutes Offensive
   Center                   Left Wing                Right Wing               Defense                  Defense                  
   Dylan Strome             Kirill Kaprizov          Elias Pettersson         Justin Schultz           Brady Skjei              

Last Minutes Defensive
   Center                   Left Wing                Right Wing               Defense                  Defense                  
   Nick Bjugstad            Pierre-Luc Dubois        Elias Pettersson         Mattias Samuelsson       Trevor van Riemsdyk      

Goaltenders
Starting : Stuart Skinner           
Backup : Elvis Merzlikins         

Extra Forwards
Normal : Nicholas Ritchie, Trent Frederic, Patrick Brown - PP : Alex Steeves, Andreas Johnsson - PK : Elias Pettersson
Extra Defensemen
Normal : Brady Skjei, Justin Schultz, Ethan Bear - PP : Juuso Valimaki - PK : Dante Fabbro, Mattias Samuelsson
Penalty Shots
Kirill Kaprizov, Elias Pettersson, Pierre-Luc Dubois, Dylan Strome, Max Domi
Custom OT Lines Forwards
Elias Pettersson, Kirill Kaprizov, Pierre-Luc Dubois, Nick Bjugstad, Dylan Strome, Max Domi, Nicholas Ritchie, Trent Frederic, Patrick Brown, Alex Steeves
Custom OT Lines Defensemen
Brady Skjei, Trevor van Riemsdyk, Justin Schultz, Mattias Samuelsson, Juuso Valimaki

Scratches
None

REGINA FALCONS

5 vs 5 Forward 
   Center                   Left Wing                Right Wing               Time % Phy DF OF 
 1 Rickard Rakell           Andrei Kuzmenko          Max Jones                36     1   2  2  
 2 Alexander Kerfoot        Dominik Kubalik          Patric Hornqvist         31     1   2  2  
 3 Jacob Peterson           Simon Ryfors             Pavol Regenda            23     1   2  2  
 4 Egor Afanasyev           Jeff Malott              Sammy Walker             10     1   2  2  

5 vs 5 Defense 
   Defense                  Defense                                           Time % Phy DF OF 
 1 John Klingberg           Alexander Edler                                   36     1   2  2  
 2 Zach Bogosian            Marco Scandella                                   31     1   2  2  
 3 Pierre-Olivier Joseph    Filip Roos                                        23     1   2  2  
 4 John Klingberg           Alexander Edler                                   10     1   2  2  

PowerPlay Forward 
   Center                   Left Wing                Right Wing               Time % Phy DF OF 
 1 Rickard Rakell           Andrei Kuzmenko          Max Jones                55     1   2  2  
 2 Alexander Kerfoot        Dominik Kubalik          Patric Hornqvist         45     1   2  2  

PowerPlay Defense
   Defense                  Defense                                           Time % Phy DF OF 
 1 John Klingberg           Alexander Edler                                   55     1   2  2  
 2 Zach Bogosian            Marco Scandella                                   45     1   2  2  

Penalty Kill 4 Players Forward 
   Center                   Wing                     Time % Phy DF OF 
 1 Rickard Rakell           Andrei Kuzmenko          55     1   2  2  
 2 Dominik Kubalik          Alexander Kerfoot        45     1   2  2  

Penalty Kill 4 Players Defense
   Defense                  Defense                  Time % Phy DF OF 
 1 John Klingberg           Alexander Edler          55     1   2  2  
 2 Zach Bogosian            Marco Scandella          45     1   2  2  

Penalty Kill - 3 Players Forward 
   Forward                                           Time % Phy DF OF 
 1 Rickard Rakell                                    55     1   2  2  
 2 Andrei Kuzmenko                                   45     1   2  2  

Penalty Kill - 3 Players Defense
   Defense                  Defense                  Time % Phy DF OF 
 1 John Klingberg           Alexander Edler          55     1   2  2  
 2 Zach Bogosian            Marco Scandella          45     1   2  2  

4 vs 4 Forward 
   Center                   Wing                     Time % Phy DF OF 
 1 Rickard Rakell           Andrei Kuzmenko          55     1   2  2  
 2 Dominik Kubalik          Alexander Kerfoot        45     1   2  2  

4 vs 4 Defense
   Defense                  Defense                  Time % Phy DF OF 
 1 John Klingberg           Alexander Edler          55     1   2  2  
 2 Zach Bogosian            Marco Scandella          45     1   2  2  

Last Minutes Offensive
   Center                   Left Wing                Right Wing               Defense                  Defense                  
   Rickard Rakell           Andrei Kuzmenko          Max Jones                John Klingberg           Alexander Edler          

Last Minutes Defensive
   Center                   Left Wing                Right Wing               Defense                  Defense                  
   Rickard Rakell           Andrei Kuzmenko          Max Jones                John Klingberg           Alexander Edler          

Goaltenders
Starting : Anton Khudobin           
Backup : Antti Raanta             

Extra Forwards
Normal : Jacob Peterson, Simon Ryfors, Jeff Malott - PP : Jacob Peterson, Simon Ryfors - PK : Jeff Malott
Extra Defensemen
Normal : Pierre-Olivier Joseph, Filip Roos, Zach Bogosian - PP : Pierre-Olivier Joseph - PK : Filip Roos, Zach Bogosian
Penalty Shots
Rickard Rakell, Andrei Kuzmenko, Dominik Kubalik, Alexander Kerfoot, Jacob Peterson
Custom OT Lines Forwards
Rickard Rakell, Andrei Kuzmenko, Dominik Kubalik, Alexander Kerfoot, Jacob Peterson, Max Jones, Simon Ryfors, Patric Hornqvist, Jeff Malott, Pavol Regenda
Custom OT Lines Defensemen
John Klingberg, Alexander Edler, Zach Bogosian, Marco Scandella, Pierre-Olivier Joseph

Scratches
Aaron Ekblad (Healthy), Eric Robinson (Bruised Left Shoulder Injury), Chris Driedger (Healthy)

% Time on Ice - RENO LIONS

Lines # - Real PCT - Wanted PCT - Time Play
Normal Forward
1 - 37% - 36% - 19:12
2 - 33% - 31% - 16:55
3 - 22% - 23% - 11:31
4 - 8% - 10% - 4:21
Normal Defense
1 - 33% - 36% - 17:06
2 - 31% - 31% - 15:52
3 - 27% - 23% - 13:56
4 - 10% - 10% - 5:05
PP Forward
1 - 49% - 55% - 1:59
2 - 51% - 45% - 2:04
PP Defense
1 - 59% - 55% - 2:24
2 - 41% - 45% - 1:39
PK Forward
1 - 56% - 55% - 2:13
2 - 44% - 45% - 1:45
PK Defense
1 - 65% - 55% - 2:34
2 - 35% - 45% - 1:24
PK3 Forward
1 - 0% - 55%
2 - 0% - 45%
PK3 Defense
1 - 0% - 55%
2 - 0% - 45%
44 Forward
1 - 0% - 55%
2 - 0% - 45%
44 Defense
1 - 0% - 55%
2 - 0% - 45%
Last Minute Offensive  - 0:00
Last Minute Defensive  - 0:00
Total
Forward - 60:00
Defense - 60:00

% Time on Ice - REGINA FALCONS

Lines # - Real PCT - Wanted PCT - Time Play
Normal Forward
1 - 33% - 36% - 17:11
2 - 30% - 31% - 15:29
3 - 22% - 23% - 11:19
4 - 15% - 10% - 8:00
Normal Defense
1 - 32% - 36% - 16:24
2 - 34% - 31% - 17:34
3 - 33% - 23% - 16:55
4 - 2% - 10% - 1:06
PP Forward
1 - 55% - 55% - 2:10
2 - 45% - 45% - 1:48
PP Defense
1 - 55% - 55% - 2:10
2 - 45% - 45% - 1:48
PK Forward
1 - 64% - 55% - 2:35
2 - 36% - 45% - 1:28
PK Defense
1 - 51% - 55% - 2:05
2 - 49% - 45% - 1:58
PK3 Forward
1 - 0% - 55%
2 - 0% - 45%
PK3 Defense
1 - 0% - 55%
2 - 0% - 45%
44 Forward
1 - 0% - 55%
2 - 0% - 45%
44 Defense
1 - 0% - 55%
2 - 0% - 45%
Last Minute Offensive  - 0:00
Last Minute Defensive  - 0:00
Total
Forward - 60:00
Defense - 60:00

Play-by-Play

1st period


0:01 of 1st period - Elias Pettersson wins face-off versus Rickard Rakell in neutral zone.
0:01 of 1st period - Elias Pettersson is hit by Max Jones.
0:21 of 1st period - Shot by Elias Pettersson.
0:21 of 1st period - Stopped by Anton Khudobin without a rebound.
0:22 of 1st period - Nick Bjugstad wins face-off versus Alexander Kerfoot in REGINA FALCONS zone.
1:15 of 1st period - Icing by Dominik Kubalik.
1:16 of 1st period - Trent Frederic wins face-off versus Alexander Kerfoot in REGINA FALCONS zone.
1:25 of 1st period - Shot by Patrick Brown.
1:25 of 1st period - Stopped by Anton Khudobin without a rebound.
1:26 of 1st period - Pierre-Luc Dubois wins face-off versus Jacob Peterson in REGINA FALCONS zone.
1:26 of 1st period - Elias Pettersson is hit by Filip Roos and loses puck.
1:40 of 1st period - Kirill Kaprizov is hit by Pierre-Olivier Joseph and loses puck.
2:11 of 1st period - Shot by Kirill Kaprizov.
2:11 of 1st period - Stopped by Anton Khudobin without a rebound.
2:12 of 1st period - Trent Frederic wins face-off versus Rickard Rakell in REGINA FALCONS zone.
2:13 of 1st period - Shot by Juuso Valimaki.
2:13 of 1st period - Shot Misses the Net.
2:15 of 1st period - Shot by Juuso Valimaki.
2:15 of 1st period - Shot Blocked by John Klingberg.
2:17 of 1st period - Shot by Ethan Bear.
2:17 of 1st period - Shot Misses the Net.
2:19 of 1st period - Shot by Trent Frederic.
2:19 of 1st period - Shot Blocked by Alexander Edler.
2:33 of 1st period - Shot by Patrick Brown.
2:33 of 1st period - Stopped by Anton Khudobin without a rebound.
2:34 of 1st period - Nick Bjugstad wins face-off versus Egor Afanasyev in REGINA FALCONS zone.
2:34 of 1st period - Max Domi is hit by Zach Bogosian and loses puck.
2:41 of 1st period - Shot by Egor Afanasyev.
2:41 of 1st period - Shot Misses the Net.
2:45 of 1st period - Shot by Jeff Malott.
2:45 of 1st period - Stopped by Stuart Skinner without a rebound.
2:46 of 1st period - Rickard Rakell wins face-off versus Alex Steeves in RENO LIONS zone.
3:01 of 1st period - Shot by Andrei Kuzmenko.
3:01 of 1st period - Shot Misses the Net.
3:07 of 1st period - Shot by Rickard Rakell.
3:07 of 1st period - Shot Misses the Net.
3:25 of 1st period - Shot by Rickard Rakell.
3:25 of 1st period - Shot Misses the Net.
3:59 of 1st period - Shot by Elias Pettersson.
3:59 of 1st period - Stopped by Anton Khudobin with a rebound.
4:15 of 1st period - Shot by Elias Pettersson.
4:15 of 1st period - Shot Blocked by Pierre-Olivier Joseph.
4:17 of 1st period - Shot by Pierre-Luc Dubois.
4:17 of 1st period - Stopped by Anton Khudobin without a rebound.
4:18 of 1st period - Alexander Kerfoot wins face-off versus Nick Bjugstad in REGINA FALCONS zone.
4:38 of 1st period - Shot by Max Domi.
4:38 of 1st period - Stopped by Anton Khudobin without a rebound.
4:39 of 1st period - Pierre-Luc Dubois wins face-off versus Jacob Peterson in REGINA FALCONS zone.
5:04 of 1st period - Shot by Elias Pettersson.
5:04 of 1st period - Stopped by Anton Khudobin with a rebound.
5:11 of 1st period - Shot by Kirill Kaprizov.
5:11 of 1st period - Stopped by Anton Khudobin without a rebound.
5:12 of 1st period - Alexander Kerfoot wins face-off versus Trent Frederic in REGINA FALCONS zone.
5:19 of 1st period - Minor Penalty to Mattias Samuelsson for Holding.
5:20 of 1st period - Nick Bjugstad wins face-off versus Rickard Rakell in RENO LIONS zone.
5:58 of 1st period - Shot by Kirill Kaprizov.
5:58 of 1st period - Shot Blocked by Alexander Edler.
6:06 of 1st period - Shot by Pierre-Luc Dubois.
6:06 of 1st period - Shot Blocked by Alexander Edler.
6:08 of 1st period - Shot by Ethan Bear.
6:08 of 1st period - Stopped by Anton Khudobin without a rebound.
6:09 of 1st period - Nick Bjugstad wins face-off versus Alexander Kerfoot in REGINA FALCONS zone.
6:22 of 1st period - Shot by Alexander Kerfoot.
6:22 of 1st period - Shot Misses the Net.
6:24 of 1st period - Shot by Zach Bogosian.
6:24 of 1st period - Shot Misses the Net.
6:26 of 1st period - Shot by Zach Bogosian.
6:26 of 1st period - Shot Misses the Net.
6:28 of 1st period - Shot by Dominik Kubalik.
6:28 of 1st period - Stopped by Stuart Skinner without a rebound.
6:29 of 1st period - Pierre-Luc Dubois wins face-off versus Alexander Kerfoot in RENO LIONS zone.
6:35 of 1st period - Icing by Alexander Kerfoot.
6:36 of 1st period - Elias Pettersson wins face-off versus Alexander Kerfoot in REGINA FALCONS zone.
6:37 of 1st period - Shot by Nick Bjugstad.
6:37 of 1st period - Shot Misses the Net.
7:01 of 1st period - Shot by Dominik Kubalik.
7:01 of 1st period - Shot Misses the Net.
7:03 of 1st period - Shot by Zach Bogosian.
7:03 of 1st period - Shot Misses the Net.
7:47 of 1st period - Shot by Nicholas Ritchie.
7:47 of 1st period - Shot Misses the Net.
8:21 of 1st period - Shot by Andrei Kuzmenko.
8:21 of 1st period - Shot Misses the Net.
8:23 of 1st period - Shot by John Klingberg.
8:23 of 1st period - Shot Misses the Net.
8:48 of 1st period - Icing by John Klingberg.
8:49 of 1st period - Elias Pettersson wins face-off versus Rickard Rakell in REGINA FALCONS zone.
9:24 of 1st period - Shot by Elias Pettersson.
9:24 of 1st period - Shot Misses the Net.
9:26 of 1st period - Shot by Elias Pettersson.
9:26 of 1st period - Deflect By Kirill Kaprizov.
9:26 of 1st period - Stopped by Anton Khudobin without a rebound.
9:27 of 1st period - Egor Afanasyev wins face-off versus Trent Frederic in REGINA FALCONS zone.
9:27 of 1st period - Egor Afanasyev is hit by Patrick Brown.
10:22 of 1st period - Icing by Ethan Bear.
10:23 of 1st period - Max Domi wins face-off versus Alexander Kerfoot in RENO LIONS zone.
10:23 of 1st period - Max Domi is hit by Patric Hornqvist.
10:33 of 1st period - Shot by Max Domi.
10:33 of 1st period - Shot Misses the Net.
10:36 of 1st period - Icing by Marco Scandella.
10:37 of 1st period - Alexander Kerfoot wins face-off versus Pierre-Luc Dubois in REGINA FALCONS zone.
10:52 of 1st period - Shot by Pierre-Luc Dubois.
10:52 of 1st period - Stopped by Anton Khudobin with a rebound.
11:55 of 1st period - Shot by Rickard Rakell.
11:55 of 1st period - Stopped by Stuart Skinner without a rebound.
11:56 of 1st period - Nick Bjugstad wins face-off versus Jacob Peterson in RENO LIONS zone.
11:56 of 1st period - Nick Bjugstad is hit by Jacob Peterson.
12:03 of 1st period - Max Domi is hit by Filip Roos and loses puck.
12:20 of 1st period - Shot by Jacob Peterson.
12:20 of 1st period - Stopped by Stuart Skinner without a rebound.
12:21 of 1st period - Nicholas Ritchie wins face-off versus Egor Afanasyev in RENO LIONS zone.
13:14 of 1st period - Shot by Nick Bjugstad.
13:14 of 1st period - Shot Blocked by Marco Scandella.
13:46 of 1st period - Shot by Max Domi.
13:46 of 1st period - Shot Blocked by Marco Scandella.
13:48 of 1st period - Shot by Nick Bjugstad.
13:48 of 1st period - Deflect By Dylan Strome.
13:48 of 1st period - Shot Misses the Net.
14:12 of 1st period - Shot by Elias Pettersson.
14:12 of 1st period - Shot Misses the Net.
14:36 of 1st period - Elias Pettersson is hit by Alexander Edler.
14:38 of 1st period - Shot by Pierre-Luc Dubois.
14:38 of 1st period - Stopped by Anton Khudobin without a rebound.
14:39 of 1st period - Alex Steeves wins face-off versus Alexander Kerfoot in REGINA FALCONS zone.
14:39 of 1st period - Alex Steeves is hit by Filip Roos.
14:40 of 1st period - Alex Steeves from RENO LIONS is injured at 14:40 of 1st period (Sprained Left Knee).
14:41 of 1st period - Nicholas Ritchie wins face-off versus Alexander Kerfoot in REGINA FALCONS zone.
14:49 of 1st period - Alexander Kerfoot is hit by Nicholas Ritchie and loses puck.
14:54 of 1st period - Ethan Bear is hit by Patric Hornqvist and loses puck.
15:11 of 1st period - Pierre-Olivier Joseph is hit by Nicholas Ritchie and loses puck.
15:19 of 1st period - Icing by Juuso Valimaki.
15:20 of 1st period - Rickard Rakell wins face-off versus Nicholas Ritchie in RENO LIONS zone.
15:20 of 1st period - John Klingberg is hit by Ethan Bear and loses puck.
15:44 of 1st period - Icing by Ethan Bear.
15:45 of 1st period - Trent Frederic wins face-off versus Jacob Peterson in RENO LIONS zone.
15:50 of 1st period - Minor Penalty to Nicholas Ritchie for Roughing.
15:51 of 1st period - Rickard Rakell wins face-off versus Nick Bjugstad in RENO LIONS zone.
16:26 of 1st period - Shot by Andrei Kuzmenko.
16:26 of 1st period - Stopped by Stuart Skinner without a rebound.
16:27 of 1st period - Pierre-Luc Dubois wins face-off versus Alexander Kerfoot in RENO LIONS zone.
16:27 of 1st period - Pierre-Luc Dubois is hit by Patric Hornqvist.
16:43 of 1st period - Shot by Dominik Kubalik.
16:43 of 1st period - Stopped by Stuart Skinner with a rebound.
16:45 of 1st period - Shot by Marco Scandella.
16:45 of 1st period - Shot Blocked by Elias Pettersson.
17:39 of 1st period - Shot by Andrei Kuzmenko.
17:39 of 1st period - Stopped by Stuart Skinner with a rebound.
18:22 of 1st period - Shot by Nicholas Ritchie.
18:22 of 1st period - Stopped by Anton Khudobin without a rebound.
18:23 of 1st period - Nick Bjugstad wins face-off versus Egor Afanasyev in REGINA FALCONS zone.
18:28 of 1st period - Shot by Nick Bjugstad.
18:28 of 1st period - Stopped by Anton Khudobin without a rebound.
18:29 of 1st period - Egor Afanasyev wins face-off versus Pierre-Luc Dubois in REGINA FALCONS zone.
18:38 of 1st period - Shot by Egor Afanasyev.
18:38 of 1st period - Deflect By Jeff Malott.
18:38 of 1st period - Stopped by Stuart Skinner without a rebound.
18:39 of 1st period - Alexander Kerfoot wins face-off versus Nick Bjugstad in RENO LIONS zone.
18:52 of 1st period - Shot by Dominik Kubalik.
18:52 of 1st period - Stopped by Stuart Skinner without a rebound.
18:53 of 1st period - Pierre-Luc Dubois wins face-off versus Rickard Rakell in RENO LIONS zone.
19:02 of 1st period - Shot by Elias Pettersson.
19:02 of 1st period - Shot Misses the Net.
19:04 of 1st period - Shot by Kirill Kaprizov.
19:04 of 1st period - Deflect By Elias Pettersson.
19:04 of 1st period - Goal by Elias Pettersson - RENO LIONS : 1 - REGINA FALCONS : 0.
19:05 of 1st period - Dominik Kubalik wins face-off versus Nick Bjugstad in neutral zone.
Goals for this period are 1 for RENO LIONS vs 0 for REGINA FALCONS.
Shots for this period are 16 for RENO LIONS vs 9 for REGINA FALCONS.

2nd period


0:01 of 2nd period - Rickard Rakell wins face-off versus Pierre-Luc Dubois in neutral zone.
0:13 of 2nd period - Shot by Rickard Rakell.
0:13 of 2nd period - Stopped by Stuart Skinner without a rebound.
0:14 of 2nd period - Alexander Kerfoot wins face-off versus Nicholas Ritchie in RENO LIONS zone.
0:15 of 2nd period - Shot by Dominik Kubalik.
0:15 of 2nd period - Shot Misses the Net.
0:30 of 2nd period - Shot by Dominik Kubalik.
0:30 of 2nd period - Shot Misses the Net.
0:32 of 2nd period - Shot by Alexander Kerfoot.
0:32 of 2nd period - Stopped by Stuart Skinner without a rebound.
0:33 of 2nd period - Pierre-Luc Dubois wins face-off versus Rickard Rakell in RENO LIONS zone.
0:38 of 2nd period - Max Jones is hit by Elias Pettersson and loses puck.
0:50 of 2nd period - Icing by Brady Skjei.
0:51 of 2nd period - Jacob Peterson wins face-off versus Kirill Kaprizov in RENO LIONS zone.
0:52 of 2nd period - Shot by Pavol Regenda.
0:52 of 2nd period - Shot Blocked by Elias Pettersson.
0:54 of 2nd period - Shot by Marco Scandella.
0:54 of 2nd period - Stopped by Stuart Skinner without a rebound.
0:55 of 2nd period - Rickard Rakell wins face-off versus Max Domi in RENO LIONS zone.
0:56 of 2nd period - Shot by Andrei Kuzmenko.
0:56 of 2nd period - Deflect By Rickard Rakell.
0:56 of 2nd period - Shot Blocked by Mattias Samuelsson.
1:05 of 2nd period - Icing by Mattias Samuelsson.
1:06 of 2nd period - Nick Bjugstad wins face-off versus Patric Hornqvist in RENO LIONS zone.
1:23 of 2nd period - Shot by Alexander Kerfoot.
1:23 of 2nd period - Shot Misses the Net.
2:13 of 2nd period - Rickard Rakell is hit by Elias Pettersson.
2:17 of 2nd period - Shot by Andrei Kuzmenko.
2:17 of 2nd period - Stopped by Stuart Skinner with a rebound.
2:42 of 2nd period - Shot by Andrei Kuzmenko.
2:42 of 2nd period - Shot Blocked by Trevor van Riemsdyk.
2:48 of 2nd period - Shot by Max Jones.
2:48 of 2nd period - Shot Blocked by Kirill Kaprizov.
2:50 of 2nd period - Shot by John Klingberg.
2:50 of 2nd period - Stopped by Stuart Skinner without a rebound.
2:51 of 2nd period - Jacob Peterson wins face-off versus Trent Frederic in RENO LIONS zone.
3:25 of 2nd period - Jacob Peterson is hit by Nicholas Ritchie and loses puck.
3:43 of 2nd period - Nick Bjugstad is hit by Filip Roos.
3:50 of 2nd period - Icing by Filip Roos.
3:51 of 2nd period - Elias Pettersson wins face-off versus Jacob Peterson in REGINA FALCONS zone.
3:53 of 2nd period - Pierre-Luc Dubois is hit by Filip Roos and loses puck.
4:24 of 2nd period - Shot by Kirill Kaprizov.
4:24 of 2nd period - Stopped by Anton Khudobin with a rebound.
4:38 of 2nd period - Shot by Rickard Rakell.
4:38 of 2nd period - Stopped by Stuart Skinner without a rebound.
4:39 of 2nd period - Nick Bjugstad wins face-off versus Alexander Kerfoot in RENO LIONS zone.
5:01 of 2nd period - Icing by Zach Bogosian.
5:02 of 2nd period - Alexander Kerfoot wins face-off versus Trent Frederic in REGINA FALCONS zone.
5:02 of 2nd period - Alexander Kerfoot is hit by Nicholas Ritchie.
5:14 of 2nd period - Shot by Nicholas Ritchie.
5:14 of 2nd period - Stopped by Anton Khudobin without a rebound.
5:15 of 2nd period - Rickard Rakell wins face-off versus Pierre-Luc Dubois in REGINA FALCONS zone.
5:28 of 2nd period - Shot by Rickard Rakell.
5:28 of 2nd period - Shot Misses the Net.
7:34 of 2nd period - Shot by Dominik Kubalik.
7:34 of 2nd period - Shot Blocked by Juuso Valimaki.
8:33 of 2nd period - Shot by Nicholas Ritchie.
8:33 of 2nd period - Stopped by Anton Khudobin with a rebound.
8:47 of 2nd period - Shot by Kirill Kaprizov.
8:47 of 2nd period - Shot Blocked by John Klingberg.
9:33 of 2nd period - Shot by Pavol Regenda.
9:33 of 2nd period - Shot Misses the Net.
9:35 of 2nd period - Shot by Filip Roos.
9:35 of 2nd period - Stopped by Stuart Skinner without a rebound.
9:36 of 2nd period - Nick Bjugstad wins face-off versus Jacob Peterson in RENO LIONS zone.
9:44 of 2nd period - Nick Bjugstad is hit by Filip Roos and loses puck.
10:28 of 2nd period - Icing by Zach Bogosian.
10:29 of 2nd period - Trent Frederic wins face-off versus Egor Afanasyev in REGINA FALCONS zone.
10:42 of 2nd period - Shot by Nicholas Ritchie.
10:42 of 2nd period - Deflect By Trent Frederic.
10:42 of 2nd period - Stopped by Anton Khudobin without a rebound.
10:43 of 2nd period - Alexander Kerfoot wins face-off versus Kirill Kaprizov in REGINA FALCONS zone.
10:52 of 2nd period - Shot by Dominik Kubalik.
10:52 of 2nd period - Stopped by Stuart Skinner without a rebound.
10:53 of 2nd period - Egor Afanasyev wins face-off versus Trent Frederic in RENO LIONS zone.
11:14 of 2nd period - Nicholas Ritchie is hit by Filip Roos and loses puck.
11:19 of 2nd period - Shot by Trent Frederic.
11:19 of 2nd period - Goal by Trent Frederic - RENO LIONS : 2 - REGINA FALCONS : 0.
11:20 of 2nd period - Pierre-Luc Dubois wins face-off versus Rickard Rakell in neutral zone.
11:39 of 2nd period - Shot by Kirill Kaprizov.
11:39 of 2nd period - Shot Misses the Net.
11:49 of 2nd period - Shot by Andrei Kuzmenko.
11:49 of 2nd period - Deflect By Rickard Rakell.
11:49 of 2nd period - The goal is going for a video replay.
11:49 of 2nd period - The goal is good.
11:49 of 2nd period - Goal by Rickard Rakell - RENO LIONS : 2 - REGINA FALCONS : 1.
11:50 of 2nd period - Nick Bjugstad wins face-off versus Alexander Kerfoot in neutral zone.
11:57 of 2nd period - Shot by Nick Bjugstad.
11:57 of 2nd period - Deflect By Dylan Strome.
11:57 of 2nd period - Shot Misses the Net.
12:20 of 2nd period - Minor Penalty to Alexander Edler for Roughing.
12:21 of 2nd period - Dylan Strome wins face-off versus Rickard Rakell in REGINA FALCONS zone.
12:36 of 2nd period - Shot by Kirill Kaprizov.
12:36 of 2nd period - Stopped by Anton Khudobin with a rebound.
12:38 of 2nd period - Shot by Elias Pettersson.
12:38 of 2nd period - Stopped by Anton Khudobin with a rebound.
12:59 of 2nd period - Shot by Juuso Valimaki.
12:59 of 2nd period - Shot Misses the Net.
13:16 of 2nd period - Off-side.
13:17 of 2nd period - Alexander Kerfoot wins face-off versus Max Domi in neutral zone.
14:02 of 2nd period - Icing by Brady Skjei.
14:03 of 2nd period - Max Domi wins face-off versus Dominik Kubalik in RENO LIONS zone.
14:03 of 2nd period - Max Domi is hit by Dominik Kubalik.
14:37 of 2nd period - Shot by Nicholas Ritchie.
14:37 of 2nd period - Stopped by Anton Khudobin without a rebound.
14:38 of 2nd period - Nicholas Ritchie wins face-off versus Jacob Peterson in REGINA FALCONS zone.
15:03 of 2nd period - Shot by Trent Frederic.
15:03 of 2nd period - Stopped by Anton Khudobin with a rebound.
15:05 of 2nd period - Shot by Ethan Bear.
15:05 of 2nd period - Stopped by Anton Khudobin without a rebound.
15:06 of 2nd period - Rickard Rakell wins face-off versus Pierre-Luc Dubois in REGINA FALCONS zone.
15:10 of 2nd period - Andrei Kuzmenko is hit by Brady Skjei and loses puck.
15:17 of 2nd period - Shot by Rickard Rakell.
15:17 of 2nd period - Shot Misses the Net.
15:19 of 2nd period - Shot by Andrei Kuzmenko.
15:19 of 2nd period - Shot Misses the Net.
16:24 of 2nd period - Shot by Max Domi.
16:24 of 2nd period - Stopped by Anton Khudobin without a rebound.
16:25 of 2nd period - Patrick Brown wins face-off versus Jacob Peterson in REGINA FALCONS zone.
16:34 of 2nd period - Shot by Nicholas Ritchie.
16:34 of 2nd period - Stopped by Anton Khudobin without a rebound.
16:35 of 2nd period - Nick Bjugstad wins face-off versus Egor Afanasyev in REGINA FALCONS zone.
16:39 of 2nd period - Max Domi is hit by Zach Bogosian and loses puck.
16:54 of 2nd period - Shot by Max Domi.
16:54 of 2nd period - Goal by Max Domi - RENO LIONS : 3 - REGINA FALCONS : 1.
16:55 of 2nd period - Trent Frederic wins face-off versus Alexander Kerfoot in neutral zone.
16:57 of 2nd period - Juuso Valimaki is hit by Pierre-Olivier Joseph and loses puck.
17:09 of 2nd period - Ethan Bear is hit by Patric Hornqvist and loses puck.
17:30 of 2nd period - Shot by Alexander Kerfoot.
17:30 of 2nd period - Shot Misses the Net.
17:32 of 2nd period - Shot by Alexander Kerfoot.
17:32 of 2nd period - Stopped by Stuart Skinner without a rebound.
17:33 of 2nd period - Rickard Rakell wins face-off versus Pierre-Luc Dubois in RENO LIONS zone.
18:24 of 2nd period - Off-side.
18:25 of 2nd period - Nick Bjugstad wins face-off versus Jacob Peterson in neutral zone.
19:01 of 2nd period - Off-side.
19:02 of 2nd period - Trent Frederic wins face-off versus Alexander Kerfoot in neutral zone.
19:27 of 2nd period - Shot by Nicholas Ritchie.
19:27 of 2nd period - Shot Misses the Net.
19:33 of 2nd period - Shot by Trent Frederic.
19:33 of 2nd period - Stopped by Anton Khudobin with a rebound.
19:39 of 2nd period - Shot by Nicholas Ritchie.
19:39 of 2nd period - Deflect By Trent Frederic.
19:39 of 2nd period - Shot Misses the Net.
Goals for this period are 2 for RENO LIONS vs 1 for REGINA FALCONS.
Shots for this period are 14 for RENO LIONS vs 10 for REGINA FALCONS.

3rd period


0:01 of 3rd period - Nick Bjugstad wins face-off versus Rickard Rakell in neutral zone.
0:15 of 3rd period - Dylan Strome is hit by Alexander Edler and loses puck.
0:17 of 3rd period - Minor Penalty to John Klingberg for Hooking.
0:18 of 3rd period - Rickard Rakell wins face-off versus Dylan Strome in REGINA FALCONS zone.
0:34 of 3rd period - Shot by Kirill Kaprizov.
0:34 of 3rd period - Shot Misses the Net.
1:19 of 3rd period - Icing by Brady Skjei.
1:20 of 3rd period - Dylan Strome wins face-off versus Dominik Kubalik in RENO LIONS zone.
1:50 of 3rd period - Shot by Pierre-Luc Dubois.
1:50 of 3rd period - Stopped by Anton Khudobin without a rebound.
1:51 of 3rd period - Rickard Rakell wins face-off versus Max Domi in REGINA FALCONS zone.
2:41 of 3rd period - Shot by Nicholas Ritchie.
2:41 of 3rd period - Stopped by Anton Khudobin without a rebound.
2:42 of 3rd period - Pierre-Luc Dubois wins face-off versus Alexander Kerfoot in REGINA FALCONS zone.
2:42 of 3rd period - Elias Pettersson is hit by John Klingberg and loses puck.
2:53 of 3rd period - Shot by Elias Pettersson.
2:53 of 3rd period - Shot Blocked by John Klingberg.
3:17 of 3rd period - Pierre-Luc Dubois is hit by Alexander Edler and loses puck.
3:53 of 3rd period - Shot by Andrei Kuzmenko.
3:53 of 3rd period - Stopped by Stuart Skinner without a rebound.
3:54 of 3rd period - Nicholas Ritchie wins face-off versus Pavol Regenda in RENO LIONS zone.
4:23 of 3rd period - Shot by Trent Frederic.
4:23 of 3rd period - Stopped by Anton Khudobin without a rebound.
4:24 of 3rd period - Nick Bjugstad wins face-off versus Rickard Rakell in REGINA FALCONS zone.
4:53 of 3rd period - Shot by Nick Bjugstad.
4:53 of 3rd period - Shot Misses the Net.
6:18 of 3rd period - Jacob Peterson is hit by Brady Skjei and loses puck.
7:50 of 3rd period - Shot by Dylan Strome.
7:50 of 3rd period - Stopped by Anton Khudobin with a rebound.
7:52 of 3rd period - Shot by Nick Bjugstad.
7:52 of 3rd period - Shot Misses the Net.
8:26 of 3rd period - Shot by Dante Fabbro.
8:26 of 3rd period - Stopped by Anton Khudobin without a rebound.
8:27 of 3rd period - Pierre-Luc Dubois wins face-off versus Rickard Rakell in REGINA FALCONS zone.
8:42 of 3rd period - Shot by Rickard Rakell.
8:42 of 3rd period - Shot Misses the Net.
8:48 of 3rd period - Shot by Elias Pettersson.
8:48 of 3rd period - Stopped by Anton Khudobin without a rebound.
8:49 of 3rd period - Nick Bjugstad wins face-off versus Jacob Peterson in REGINA FALCONS zone.
8:57 of 3rd period - Shot by Max Domi.
8:57 of 3rd period - Stopped by Anton Khudobin without a rebound.
8:58 of 3rd period - Trent Frederic wins face-off versus Rickard Rakell in REGINA FALCONS zone.
8:58 of 3rd period - Minor Penalty to Alexander Edler for Tripping.
8:59 of 3rd period - Max Domi wins face-off versus Rickard Rakell in REGINA FALCONS zone.
8:59 of 3rd period - Max Domi is hit by Filip Roos.
9:03 of 3rd period - Shot by Pierre-Luc Dubois.
9:03 of 3rd period - Goal by Pierre-Luc Dubois - RENO LIONS : 4 - REGINA FALCONS : 1.
9:04 of 3rd period - Nick Bjugstad wins face-off versus Rickard Rakell in neutral zone.
9:26 of 3rd period - Shot by Dylan Strome.
9:26 of 3rd period - Stopped by Anton Khudobin with a rebound.
9:32 of 3rd period - Shot by Dylan Strome.
9:32 of 3rd period - Shot Hit the Post.
9:34 of 3rd period - Shot by Nick Bjugstad.
9:34 of 3rd period - Stopped by Anton Khudobin without a rebound.
9:35 of 3rd period - Pierre-Luc Dubois wins face-off versus Jacob Peterson in REGINA FALCONS zone.
9:36 of 3rd period - Shot by Elias Pettersson.
9:36 of 3rd period - Shot Blocked by Filip Roos.
9:56 of 3rd period - Shot by Elias Pettersson.
9:56 of 3rd period - Shot Misses the Net.
10:38 of 3rd period - Shot by Dylan Strome.
10:38 of 3rd period - Shot Misses the Net.
10:40 of 3rd period - Shot by Trevor van Riemsdyk.
10:40 of 3rd period - Stopped by Anton Khudobin without a rebound.
10:41 of 3rd period - Trent Frederic wins face-off versus Rickard Rakell in REGINA FALCONS zone.
11:15 of 3rd period - Shot by Rickard Rakell.
11:15 of 3rd period - Stopped by Stuart Skinner without a rebound.
11:16 of 3rd period - Nick Bjugstad wins face-off versus Egor Afanasyev in RENO LIONS zone.
11:25 of 3rd period - Zach Bogosian is hit by Max Domi and loses puck.
12:13 of 3rd period - Shot by Kirill Kaprizov.
12:13 of 3rd period - Shot Blocked by Zach Bogosian.
12:25 of 3rd period - Shot by Pierre-Luc Dubois.
12:25 of 3rd period - Shot Misses the Net.
12:27 of 3rd period - Shot by Elias Pettersson.
12:27 of 3rd period - Shot Hit the Post.
12:29 of 3rd period - Shot by Elias Pettersson.
12:29 of 3rd period - Shot Blocked by Zach Bogosian.
13:20 of 3rd period - Shot by Patrick Brown.
13:20 of 3rd period - Shot Misses the Net.
13:22 of 3rd period - Shot by Trent Frederic.
13:22 of 3rd period - Goal by Trent Frederic - RENO LIONS : 5 - REGINA FALCONS : 1.
13:23 of 3rd period - Rickard Rakell wins face-off versus Nick Bjugstad in neutral zone.
13:32 of 3rd period - Shot by Rickard Rakell.
13:32 of 3rd period - Stopped by Stuart Skinner without a rebound.
13:33 of 3rd period - Dylan Strome wins face-off versus Alexander Kerfoot in RENO LIONS zone.
13:40 of 3rd period - Shot by Max Domi.
13:40 of 3rd period - Deflect By Dylan Strome.
13:40 of 3rd period - Stopped by Anton Khudobin with a rebound.
14:05 of 3rd period - Shot by Dominik Kubalik.
14:05 of 3rd period - Shot Misses the Net.
15:11 of 3rd period - Shot by Elias Pettersson.
15:11 of 3rd period - Stopped by Anton Khudobin without a rebound.
15:12 of 3rd period - Trent Frederic wins face-off versus Jacob Peterson in REGINA FALCONS zone.
15:30 of 3rd period - Off-side.
15:31 of 3rd period - Pierre-Luc Dubois wins face-off versus Jacob Peterson in neutral zone.
16:03 of 3rd period - Shot by Elias Pettersson.
16:03 of 3rd period - Shot Misses the Net.
16:05 of 3rd period - Shot by Elias Pettersson.
16:05 of 3rd period - Stopped by Anton Khudobin without a rebound.
16:06 of 3rd period - Nicholas Ritchie wins face-off versus Rickard Rakell in REGINA FALCONS zone.
16:11 of 3rd period - Shot by Trent Frederic.
16:11 of 3rd period - Stopped by Anton Khudobin without a rebound.
16:12 of 3rd period - Rickard Rakell wins face-off versus Trent Frederic in REGINA FALCONS zone.
16:40 of 3rd period - Shot by Andrei Kuzmenko.
16:40 of 3rd period - Shot Misses the Net.
16:42 of 3rd period - Shot by Andrei Kuzmenko.
16:42 of 3rd period - Shot Misses the Net.
16:44 of 3rd period - Shot by Max Jones.
16:44 of 3rd period - Stopped by Stuart Skinner without a rebound.
16:45 of 3rd period - Pierre-Luc Dubois wins face-off versus Alexander Kerfoot in RENO LIONS zone.
17:45 of 3rd period - Shot by Nick Bjugstad.
17:45 of 3rd period - Shot Misses the Net.
17:47 of 3rd period - Shot by Nick Bjugstad.
17:47 of 3rd period - Shot Misses the Net.
17:49 of 3rd period - Shot by Max Domi.
17:49 of 3rd period - Shot Misses the Net.
17:51 of 3rd period - Shot by Nick Bjugstad.
17:51 of 3rd period - Stopped by Anton Khudobin without a rebound.
17:52 of 3rd period - Nicholas Ritchie wins face-off versus Rickard Rakell in REGINA FALCONS zone.
19:11 of 3rd period - Icing by Dylan Strome.
19:12 of 3rd period - Nick Bjugstad wins face-off versus Jacob Peterson in RENO LIONS zone.
19:34 of 3rd period - Icing by Jacob Peterson.
19:35 of 3rd period - Pierre-Luc Dubois wins face-off versus Jacob Peterson in REGINA FALCONS zone.
19:52 of 3rd period - Shot by Kirill Kaprizov.
19:52 of 3rd period - Stopped by Anton Khudobin without a rebound.
19:53 of 3rd period - Trent Frederic wins face-off versus Alexander Kerfoot in REGINA FALCONS zone.
Goals for this period are 2 for RENO LIONS vs 0 for REGINA FALCONS.
Shots for this period are 18 for RENO LIONS vs 4 for REGINA FALCONS.


BLAKE
WHEELER
STEVEN
STAMKOS
DREW
DOUGHTY

EAST COAST

HOCKEY LEAGUE

  • 63.RHI2PIT5
  • 64.WOR4ATL3
  • 65.QUECHW
  • 66.CHATRV